[Event "Late-Titled-Tuesday-Blitz-March-19-2024"]
[Site "Chess.com"]
[Date "2024.03.19"]
[Round "2"]
[White "Sanyura"]
[Black "platy3"]
[Result "0-1"]
[WhiteElo "2647"]
[BlackElo "2954"]
[TimeControl "180+1"]
[EndTime "14:16:39 PDT"]
[Termination "platy3 won by resignation"]

1. e4 c5 2. Nf3 e6 3. d4 cxd4 4. Nxd4 Nc6 5. Nc3 Qc7 6. f4 a6 7. Nxc6 bxc6 8. Bd3 d5 9. O-O Nf6 10. Qf3 Be7 11. Bd2 O-O 12. Kh1 a5 13. e5 Nd7 14.
Qh3 g6 15. Rf3 Nc5 16. Qh6 f5 17. Rh3 Rf7 18. g4 Nxd3 19. cxd3 d4 20. Ne2 c5 21. gxf5 exf5 22. Kg1 Qd8 23. Kf2 Bf8 24. Qh4 Qxh4+ 25.
Rxh4 a4 26. Rc1 Be6 27. Ra1 Rb8 28. Bc1 Rfb7 29. Rh3 Be7 30. Ke1 Bd5 31. Kd1 Rxb2 32. Bxb2 Rxb2 33. a3 Bd8 34. Ke1 Bg2 35. Rg3 Bh4 36.
Rc1 Bf3 37. Ng1 Rxh2 38. Nxf3 Bxg3+ 39. Kd1 Rh1+ 40. Kc2 Rxc1+ 41. Kxc1 Bxf4+ 42. Kc2 g5 43. Kd1 Kf7 0-1

[Event "Late-Titled-Tuesday-Blitz-March-19-2024"]
[Site "Chess.com"]
[Date "2024.03.19"]
[Round "2"]
[White "Kopytkin"]
[Black "vugarrasulov"]
[Result "0-1"]
[WhiteElo "2432"]
[BlackElo "2951"]
[TimeControl "180+1"]
[EndTime "14:16:40 PDT"]
[Termination "vugarrasulov won on time"]

1. e4 g6 2. d4 Bg7 3. Nc3 c6 4.
h3 d6 5. g3 Nd7 6. Bg2 e5 7.
Nge2 Ngf6 8. O-O O-O 9. Bg5 b5 10. a3 Bb7 11. Qd2 Re8 12. Rad1 a5 13. b3 Qc7 14.
dxe5 dxe5 15. a4 b4 16. Nb1 c5 17. Qe3 c4 18. Nd2 Nb6 19. Kh2 c3 20. Bxf6 Bxf6 21. Nf3 Ba6 22. Rfe1 Rad8 23. Nc1 Nd7 24. Bf1 Bb7 25. Bb5 Re7 26. Nd3 Nf8 27. Qh6 Bg7 28. Qh4 f6 29. Bc4+ Kh8 30. g4 g5 31. Qh5 Bc6 32.
Nxg5 fxg5 33. Qxg5 Ng6 0-1

[Event "Late-Titled-Tuesday-Blitz-March-19-2024"]
[Site "Chess.com"]
[Date "2024.03.19"]
[Round "2"]
[White "YoreDea"]
[Black "1g60-1"]
[Result "1-0"]
[WhiteElo "2589"]
[BlackElo "2365"]
[TimeControl "180+1"]
[EndTime "14:16:40 PDT"]
[Termination "YoreDea won by resignation"]

1. e4 e6 2. d3 c5 3. Nd2 Nc6 4. g3 d6 5. Bg2 g6 6. Ngf3 Bg7 7.
O-O Nge7 8. c3 e5 9. a4 O-O 10. Nc4 h6 11. Bd2 f5 12. b4 f4 13. b5 Nb8 14. d4 Be6 15. Qe2 Qc7 16. gxf4 exf4 17. d5 Bg4 18. Qd3 Nd7 19. a5 g5 20. Rfe1 Ng6 21. e5 Ngxe5 22. Nfxe5 Nxe5 23. Nxe5 Bxe5 24. Rxe5 dxe5 25. d6 Qg7 26. a6 f3 27. Bf1 Qd7 28.
axb7 Rab8 29. Rxa7 Bh3 30. Qg6+ Kh8 31. Qxh6+ Kg8 32.
Bxh3 1-0

[Event "Late-Titled-Tuesday-Blitz-March-19-2024"]
[Site "Chess.com"]
[Date "2024.03.19"]
[Round "2"]
[White "yuriydovzik"]
[Black "Korchmar_Vasiliy"]
[Result "0-1"]
[WhiteElo "2117"]
[BlackElo "2700"]
[TimeControl "180+1"]
[EndTime "14:16:41 PDT"]
[Termination "Korchmar_Vasiliy won on time"]

1. Nf3 d5 2. d4 Nf6 3. c4 c6 4. Nc3 a6 5. e3 e6 6. h3 Nbd7 7. a3 Bd6 8. c5 Bc7 9. b4 e5 10. dxe5 Nxe5 11. Nd4 O-O 12. Be2 Ng6 13. O-O Qe7 14. Bd3 Nh4 15. f4 g6 16. Bd2 Kh8 17. g3 Nf5 18. Bxf5 Bxf5 19. Nxf5 gxf5 20. Kh2 Rg8 21. Rg1 Rg6 22. Qf3 Rag8 23. Rg2 Rh6 24. h4 Ng4+ 25. Kg1 Re6 26. Re1 d4 27. Nd1 Re8 28.
Rge2 h5 29. Kg2 Kg8 0-1

[Event "Late-Titled-Tuesday-Blitz-March-19-2024"]
[Site "Chess.com"]
[Date "2024.03.19"]
[Round "2"]
[White "chucksterf10"]
[Black "GoltsevDmitry2000"]
[Result "1-0"]
[WhiteElo "2568"]
[BlackElo "2749"]
[TimeControl "180+1"]
[EndTime "14:16:43 PDT"]
[Termination "chucksterf10 won by resignation"]

1. c4 e5 2. Nc3 Nf6 3. d3 d5 4.
cxd5 Nxd5 5. e4 Nf4 6. Nf3 Nc6 7.
Nxe5 Nxg2+ 8. Bxg2 Nxe5 9. d4 Ng6 10. Be3 Nh4 11. Bf3 Nxf3+ 12. Qxf3 c6 13. O-O-O Bb4 14. Rhg1 g6 15. Bg5 Qa5 16. Bf6 Rf8 17.
Rg5 Qc7 18. Re5+ Be6 19. d5 Bd6 20. dxe6 Bxe5 21. e7 Bxf6 22. exf8=Q+ Kxf8 23. Qxf6 Kg8 24. e5 Re8 25. e6 fxe6 26. Ne4 Qxh2 27. Rd7 Qh1+ 28.
Kd2 Qh6+ 29. Ng5 Rf8 30. Qxe6+ Kh8 31. Rxh7+ Qxh7 32. Nxh7 Kxh7 33. Qe7+ Kg8 34. Qxb7 Rxf2+ 35. Ke3 Rf7 36. Qxc6 Kg7 37. b4 g5 38. b5 g4 39.
Qe4 Rf3+ 40. Ke2 Rf7 41. Qxg4+ Kf8 42. a4 a5 43. b6 Re7+ 44. Kd3 Rf7 45. b7 1-0

[Event "Late-Titled-Tuesday-Blitz-March-19-2024"]
[Site "Chess.com"]
[Date "2024.03.19"]
[Round "2"]
[White "Misterfox120"]
[Black "cthake"]
[Result "1-0"]
[WhiteElo "2453"]
[BlackElo "1822"]
[TimeControl "180+1"]
[EndTime "14:16:44 PDT"]
[Termination "Misterfox120 won by checkmate"]

1. d4 Nf6 2. Bf4 g6 3. Nc3 Bg7 4. e4 d6 5. Qd2 O-O 6. O-O-O c6 7. Bh6 b5 8. f3 Nbd7 9. h4 b4 10. Nb1 Qa5 11. a3 c5 12. h5 Qb6 13. Bxg7 bxa3 14.
Nxa3 Kxg7 15. hxg6 fxg6 16. Qh6+ Kf7 17. Bc4+ e6 18.
Nh3 Rb8 19. Ng5+ Ke7 20. Qg7+ Ke8 21. b3 d5 22. exd5 Nxd5 23. Bxd5 Qb4 24. Nc4 exd5 25. Nd6+ Kd8 26. Ne6# 1-0

[Event "Late-Titled-Tuesday-Blitz-March-19-2024"]
[Site "Chess.com"]
[Date "2024.03.19"]
[Round "2"]
[White "angelgab3"]
[Black "xxysoul6"]
[Result "0-1"]
[WhiteElo "2643"]
[BlackElo "2951"]
[TimeControl "180+1"]
[EndTime "14:16:46 PDT"]
[Termination "xxysoul6 won by resignation"]

1. e4 c5 2. Nf3 Nc6 3. Bb5 e6 4. O-O Nge7 5. d4 cxd4 6. Nxd4 Ng6 7. Be2 Be7 8. c4 b6 9. Be3 Bb7 10. Nc3 O-O 11. Qd2 Rc8 12. Rad1 d6 13. b3 Qd7 14.
Qb2 Rfd8 15. Rd2 Nxd4 16. Bxd4 Bg5 17. Rdd1 e5 18. Be3 Bxe3 19. fxe3 Qe7 20. Bf3 Bc6 21. Qe2 Rf8 22. Rd2 Rcd8 23. Rfd1 Qg5 24. Rxd6 Bb7 25.
Nb5 Nh4 26. Nxa7 Rxd6 27. Rxd6 f5 28. Rd7 fxe4 29. Bg4 Nf3+ 30. Kh1 Qxg4 31. Rxb7 Rd8 32. Nc6 Qh5 33. h3 Rd2 34. Nxe5 Qxe5 0-1

[Event "Late-Titled-Tuesday-Blitz-March-19-2024"]
[Site "Chess.com"]
[Date "2024.03.19"]
[Round "2"]
[White "ploxoi"]
[Black "Beca95"]
[Result "0-1"]
[WhiteElo "2434"]
[BlackElo "2954"]
[TimeControl "180+1"]
[EndTime "14:16:48 PDT"]
[Termination "Beca95 won by resignation"]

1. d4 d5 2. Nf3 Bf5 3. c4 e6 4. cxd5 exd5 5. Qb3 Nc6 6. Nc3 Nb4 7. e4 dxe4 8. Ne5 Qe7 9. Bb5+ c6 10. Be2 Nf6 11.
O-O O-O-O 12. Bg5 Rxd4 13. Nxf7 Be6 14. Qa4 Bxf7 15. Qxa7 Qc5 16. Qa8+ Kc7 17. Bf4+ Kd7 18. Qxb7+ Ke8 19. Be3 Rd7 20. Qc8+ Rd8 21. Qxd8+ Kxd8 22. Bxc5 Bxc5 23. a3 Nbd5 24. Rad1 Ke7 25. Nxd5+ cxd5 26. b4 Bd6 27. Rc1 Ra8 28. Rc3 d4 29. Rg3 Bxg3 30. hxg3 d3 31. Bd1 Rxa3 32. f3 e3 33. b5 e2 34. Re1 Bc4 0-1

[Event "Late-Titled-Tuesday-Blitz-March-19-2024"]
[Site "Chess.com"]
[Date "2024.03.19"]
[Round "2"]
[White "Smiechu"]
[Black "alexrustemov"]
[Result "0-1"]
[WhiteElo "2427"]
[BlackElo "2869"]
[TimeControl "180+1"]
[EndTime "14:16:52 PDT"]
[Termination "alexrustemov won by resignation"]

1. e4 e6 2. d4 d5 3. Bd3 dxe4 4. Bxe4 Nf6 5. Bf3 Nbd7 6. Ne2 Bd6 7. O-O O-O 8. Nbc3 c6 9. g3 e5 10. Bg2 Re8 11.
dxe5 Nxe5 12. Bg5 Bf5 13. Nd4 Bg6 14. f4 Neg4 15. Bxf6 Nxf6 16. Kh1 Bc5 17. Nf3 Qxd1 18. Raxd1 Bxc2 19. Rd2 Bf5 20. Ne5 Rad8 21. Rfd1 Rxd2 22. Rxd2 Ng4 23. Bh3 Nf2+ 24. Rxf2 Bxh3 25. Rd2 f6 26. Nf3 Re3 27. Rf2 Rxc3 28. bxc3 Bxf2 0-1

[Event "Late-Titled-Tuesday-Blitz-March-19-2024"]
[Site "Chess.com"]
[Date "2024.03.19"]
[Round "2"]
[White "GMBenjaminBok"]
[Black "LikeWater"]
[Result "1-0"]
[WhiteElo "2965"]
[BlackElo "2650"]
[TimeControl "180+1"]
[EndTime "14:16:53 PDT"]
[Termination "GMBenjaminBok won by resignation"]

1. d4 Nf6 2. c4 g6 3. g3 Bg7 4. Bg2 O-O 5. Nc3 d6 6. Nf3 Nbd7 7. O-O e5 8. e4 c6 9. Be3 Ng4 10. Bg5 f6 11. Bd2 Nh6 12. h3 Nf7 13. Be3 f5 14. exf5 gxf5 15. dxe5 dxe5 16. Qc2 e4 17. Nd4 Nfe5 18.
Ne6 Qe7 19. Nxf8 Nxf8 20. Ne2 Be6 21. Bd4 Nxc4 22. Bxg7 Kxg7 23. Nf4 Ng6 24. Qc3+ Kf7 25. Nxe6 Qxe6 26. f3 e3 27. f4 Rg8 28. Rfe1 b5 29.
b3 Nxf4 30. gxf4 Rxg2+ 31. Kxg2 Qe4+ 32. Kg3 h5 33. h4 1-0

[Event "Late-Titled-Tuesday-Blitz-March-19-2024"]
[Site "Chess.com"]
[Date "2024.03.19"]
[Round "2"]
[White "EsmeraldasAnderson03"]
[Black "dropstoneDP"]
[Result "0-1"]
[WhiteElo "2548"]
[BlackElo "2981"]
[TimeControl "180+1"]
[EndTime "14:16:55 PDT"]
[Termination "dropstoneDP won by resignation"]

1. d4 d5 2. c4 dxc4 3. e3 Nf6 4.
Bxc4 e6 5. Nf3 a6 6. O-O c5 7. b3 Nbd7 8. Bb2 Be7 9. Nc3 b5 10. Bd3 Bb7 11. a4 b4 12. Nb1 cxd4 13. Nxd4 Nc5 14.
Bc4 Nce4 15. Nd2 Nc3 16. Qc2 Nfd5 17. Ne4 Nxe3 18. fxe3 Bxe4 19. Qd2 O-O 20. Bxc3 bxc3 21. Qxc3 a5 22. Bxe6 fxe6 23. Nxe6 Rxf1+ 24. Rxf1 Bf6 25. Qc4 Qd5 26. Qxd5 Bxd5 27. Nc7 Rd8 28. Rd1 Bxb3 29. Rxd8+ Bxd8 0-1

[Event "Late-Titled-Tuesday-Blitz-March-19-2024"]
[Site "Chess.com"]
[Date "2024.03.19"]
[Round "2"]
[White "PedroGil25"]
[Black "kleong12"]
[Result "1-0"]
[WhiteElo "2460"]
[BlackElo "2006"]
[TimeControl "180+1"]
[EndTime "14:16:56 PDT"]
[Termination "PedroGil25 won on time"]

1. c4 c6 2. Nf3 d5 3. g3 Nf6 4. Bg2 Bf5 5. O-O e6 6. b3 Be7 7. Bb2 O-O 8. d3 h6 9. Nbd2 Nbd7 10. Rc1 a5 11. a3 Bh7 12. Qc2 Re8 13. Qb1 Bd6 14. Qa1 Qe7 15. cxd5 exd5 16. Rfe1 Ne5 17. Nxe5 Bxe5 18. Nf3 Bxb2 19. Qxb2 Qd6 20. Ra1 Re7 21. b4 a4 22. Rac1 Rae8 23. Nd4 Ng4 24. Qc3 Qf6 25.
Rf1 Rxe2 26. Nxe2 Rxe2 27. Qxf6 Nxf6 28. b5 Bxd3 29. bxc6 bxc6 30. Rxc6 Ra2 31. Rd1 Bc4 32. Bh3 Rxa3 33. Bf5 g6 34. Rxf6 gxf5 35. Rxh6 Rb3 36. Rf6 a3 37. Rxf5 a2 38. Re5 1-0

[Event "Late-Titled-Tuesday-Blitz-March-19-2024"]
[Site "Chess.com"]
[Date "2024.03.19"]
[Round "2"]
[White "Aural1011"]
[Black "MusicCityMaster"]
[Result "0-1"]
[WhiteElo "1779"]
[BlackElo "2450"]
[TimeControl "180+1"]
[EndTime "14:16:58 PDT"]
[Termination "MusicCityMaster won on time"]

1. d4 Nf6 2. c4 c5 3. d5 b5 4.
cxb5 a6 5. bxa6 g6 6. Nc3 Bg7 7. e4 O-O 8. e5 Ne8 9. Nf3 d6 10. Bf4 Nd7 11. exd6 exd6 12. Bd3 Bxa6 13. O-O Nb6 14. Bxa6 Rxa6 15. Qd3 Nc7 16. Nd2 c4 17. Nxc4 Bxc3 18. Nxb6 Bxb2 19. Nc4 Bxa1 20. Rxa1 Re8 21. Qd4 Rxa2 22. Rd1 Nb5 23. Qd3 Qe7 24. h3 Qe2 0-1

[Event "Late-Titled-Tuesday-Blitz-March-19-2024"]
[Site "Chess.com"]
[Date "2024.03.19"]
[Round "2"]
[White "NowInChess"]
[Black "steepedgames"]
[Result "0-1"]
[WhiteElo "2277"]
[BlackElo "2523"]
[TimeControl "180+1"]
[EndTime "14:16:59 PDT"]
[Termination "steepedgames won by resignation"]

1. e4 e6 2. d3 d5 3. Nd2 Nf6 4. Ngf3 Nc6 5. e5 Nd7 6. d4 f6 7.
Bb5 Be7 8. O-O O-O 9. exf6 Bxf6 10. Re1 Re8 11. c3 a6 12. Bd3 e5 13. dxe5 Ndxe5 14. Bc2 Bg4 15. Kf1 Qd7 16. Nxe5 Nxe5 17. f3 Bh5 18.
Nb3 Nxf3 19. Rxe8+ Rxe8 20. Kf2 Bh4+ 21. g3 Rf8 22. Kg2 Bxg3 23. Qd3 Ne1+ 0-1

[Event "Late-Titled-Tuesday-Blitz-March-19-2024"]
[Site "Chess.com"]
[Date "2024.03.19"]
[Round "2"]
[White "SameerMujumdar"]
[Black "flawian2008"]
[Result "1-0"]
[WhiteElo "2531"]
[BlackElo "2293"]
[TimeControl "180+1"]
[EndTime "14:17:00 PDT"]
[Termination "SameerMujumdar won by checkmate"]

1. e4 c5 2. Nf3 Nc6 3. Nc3 g6 4. d4 cxd4 5. Nxd4 Bg7 6. Be3 Nf6 7. Nb3 O-O 8. Be2 d6 9. Qd2 Bd7 10. O-O Rc8 11. f3 a6 12. a4 Na5 13. Nxa5 Qxa5 14. Rfd1 Rfd8 15. Bf1 Be6 16. Qf2 Nd7 17. Nd5 Bxd5 18.
Rxd5 Qb4 19. c3 Qb3 20. Ra3 Rxc3 21. Rxb3 Rxb3 22. Rd3 Rxb2 23. Rd2 Rb1 24. g3 Rc8 25. Kg2 Ne5 26. Rc2 Re8 27. Kh3 b5 28. axb5 axb5 29. Rb2 Rxb2 30. Qxb2 Rb8 31. Bd4 b4 32. f4 Nd7 33.
Bxg7 f6 34. Bh6 Nc5 35. Bc4+ Kh8 36. e5 dxe5 37. fxe5 Nd7 38. exf6 exf6 39. Be6 Ne5 40. Bg5 Kg7 41. Bf4 Nd3 42. Qb3 Nc5 43. Qc4 b3 44. Bxb8 b2 45. Qxc5 b1=Q 46. Qe7+ Kh6 47. Bf4+ g5 48.
Qxf6+ Qg6 49. Bxg5+ Kh5 50. Bg4# 1-0

[Event "Late-Titled-Tuesday-Blitz-March-19-2024"]
[Site "Chess.com"]
[Date "2024.03.19"]
[Round "2"]
[White "RodokininEV"]
[Black "chessamical"]
[Result "1-0"]
[WhiteElo "2679"]
[BlackElo "2271"]
[TimeControl "180+1"]
[EndTime "14:17:01 PDT"]
[Termination "RodokininEV won on time"]

1. d4 Nf6 2. c4 e6 3. Nf3 d5 4.
Nc3 Bb4 5. Qa4+ Nc6 6. e3 O-O 7. Bd2 Re8 8. Be2 dxc4 9. Bxc4 a6 10. Qc2 Bd6 11. O-O e5 12. dxe5 Nxe5 13. Be2 Bg4 14. Nxe5 Bxe5 15. Bxg4 Nxg4 16. h3 Qh4 17. Qa4 Bh2+ 18.
Kh1 Nxf2+ 19. Kxh2 Ne4 20. Nxe4 Rxe4 21. Qb3 Qe7 22.
Rf4 Rd8 23. Bc3 Rxe3 24. Raf1 Re6 25. Rxf7 Qxf7 26. Rxf7 Kxf7 27. Qxb7 Rd7 28. a4 Rb6 29. Qf3+ Ke8 30. a5 Rg6 31. Qh5 Kf7 32. Qf5+ Ke8 33.
h4 1-0

[Event "Late-Titled-Tuesday-Blitz-March-19-2024"]
[Site "Chess.com"]
[Date "2024.03.19"]
[Round "2"]
[White "Tugrik1969"]
[Black "amanmuhammethommadov"]
[Result "0-1"]
[WhiteElo "2396"]
[BlackElo "2647"]
[TimeControl "180+1"]
[EndTime "14:17:02 PDT"]
[Termination "amanmuhammethommadov won on time"]

1. d4 Nf6 2. c4 g6 3. Nc3 Bg7 4. e4 O-O 5. Be2 d6 6. Nf3 e5 7. Be3 Ng4 8. Bg5 f6 9. Bh4 g5 10. Bg3 Nh6 11. dxe5 dxe5 12. O-O Nf7 13. Qc2 c6 14.
Nd1 Qe7 15. c5 Be6 16. Ne3 Nd7 17. b4 Nh6 18. Bc4 Rfd8 19. Rfd1 Nf8 20. h3 Kh8 21. Rxd8 Rxd8 22. Rd1 Nf7 23. Nf5 Bxf5 24. exf5 Nh6 25.
Rxd8 Qxd8 26. Nh2 Qd4 27. Qd3 Nxf5 28. Qxf5 Qxc4 29. Ng4 Qe6 30. Ne3 Qxf5 31. Nxf5 Ne6 32. Nd6 Nd8 33. h4 h6 34. a4 Bf8 35. Nc4 Kg8 36.
f3 Kf7 37. hxg5 hxg5 38. Bf2 Ke6 39. g4 Kd5 40. Ne3+ Kd4 41. Kf1 Kc3 42. Be1+ Kb3 43. a5 Ne6 44. Nf5 Nd4 0-1

[Event "Late-Titled-Tuesday-Blitz-March-19-2024"]
[Site "Chess.com"]
[Date "2024.03.19"]
[Round "2"]
[White "martinmena"]
[Black "maksimys18"]
[Result "0-1"]
[WhiteElo "2252"]
[BlackElo "2509"]
[TimeControl "180+1"]
[EndTime "14:17:02 PDT"]
[Termination "maksimys18 won by resignation"]

1. c4 e6 2. g3 d5 3. Bg2 Nf6 4. Nf3 Be7 5. O-O O-O 6. d4 b6 7.
b3 Bb7 8. Nc3 dxc4 9. bxc4 c5 10. Bg5 cxd4 11. Qxd4 Qxd4 12. Nxd4 Bxg2 13. Kxg2 h6 14.
Bxf6 Bxf6 15. e3 Nd7 16. Rac1 Rac8 17. Ncb5 a6 18. Nd6 Rc7 19. Ne4 Rfc8 20. Nxf6+ Nxf6 21. Rb1 Nd7 22. Rfd1 Kf8 23. Rb4 Ke7 24. Rc1 a5 25. Ra4 Nc5 26. Ra3 Nd7 27. Rac3 Ne5 28. c5 Rxc5 29.
Rxc5 Rxc5 30. Rxc5 bxc5 31. Nb3 c4 32. Nxa5 c3 33.
Nb3 Nd3 34. Nd4 Ne1+ 35. Kf1 c2 36. Nb3 Nd3 37. Ke2 c1=Q 38. Nxc1 Nxc1+ 39. Kd2 Nxa2 40. Kd3 Nb4+ 41. Kc4 Nc6 0-1

[Event "Late-Titled-Tuesday-Blitz-March-19-2024"]
[Site "Chess.com"]
[Date "2024.03.19"]
[Round "2"]
[White "tolimachess"]
[Black "PNEPaul"]
[Result "1-0"]
[WhiteElo "2458"]
[BlackElo "1990"]
[TimeControl "180+1"]
[EndTime "14:17:02 PDT"]
[Termination "tolimachess won on time"]

1. e4 e5 2. Nf3 Nc6 3. Bb5 f5 4. exf5 e4 5. Ng1 Nf6 6. g4 d5 7. d3 Bc5 8. Ne2 Bxf2+ 9. Kxf2 Nxg4+ 10. Kg3 Bxf5 11. dxe4 Bxe4 12. Bxc6+ bxc6 13. Kxg4 O-O 14. Rf1 Qd7+ 15. Kg3 h5 16. h3 Rxf1 17. Qxf1 Rf8 18. Qxf8+ Kxf8 19. Nbc3 Qf5 20. Bf4 Bxc2 21. Rf1 Kg8 22.
Bxc7 Qg6+ 23. Kh2 Be4 24. Rg1 Qf7 25. Bf4 Qf5 26. Rg5 Qf6 27. Kg3 c5 28. Nxd5 Bxd5 29. Rxd5 Qxb2 30. Ng1 Qxa2 31. Rd8+ Kh7 32. Nf3 c4 33.
Rd6 c3 34. Ng5+ 1-0

[Event "Late-Titled-Tuesday-Blitz-March-19-2024"]
[Site "Chess.com"]
[Date "2024.03.19"]
[Round "2"]
[White "Evandro_Barbosa"]
[Black "Heinza9"]
[Result "1-0"]
[WhiteElo "2719"]
[BlackElo "2324"]
[TimeControl "180+1"]
[EndTime "14:17:03 PDT"]
[Termination "Evandro_Barbosa won by resignation"]

1. e4 e6 2. d3 d5 3. Qe2 Be7 4. Nf3 Nf6 5. g3 c5 6. Bg2 Nc6 7. O-O b6 8. e5 Nd7 9. c4 d4 10. Nfd2 Bb7 11. f4 Qc7 12. Ne4 O-O 13. Nbd2 Rae8 14.
Nf3 h6 15. Bd2 a6 16. a3 f5 17. exf6 Nxf6 18. Rae1 b5 19. b3 Kh8 20. Kh1 Nxe4 21. Qxe4 Nb4 22. Qe2 Nc2 23. Rc1 Nxa3 24. Ne5 Bxg2+ 25.
Qxg2 Kg8 26. Qe4 Bd6 27. Ng6 Rf6 28. Kg1 b4 29. f5 Qf7 30. Nh4 exf5 31. Qf3 f4 32. g4 Bb8 33. Nf5 Kh7 34. Kh1 Rxf5 35. gxf5 Qxf5 36. Rg1 g5 37. Rce1 Qf7 38. Qc6 Rxe1 39.
Rxe1 Nc2 40. Re8 f3 41. Qe4+ Qg6 42. Re7+ 1-0

[Event "Late-Titled-Tuesday-Blitz-March-19-2024"]
[Site "Chess.com"]
[Date "2024.03.19"]
[Round "2"]
[White "AungTZ"]
[Black "balack95"]
[Result "0-1"]
[WhiteElo "2040"]
[BlackElo "2465"]
[TimeControl "180+1"]
[EndTime "14:17:03 PDT"]
[Termination "balack95 won on time"]

1. e4 c5 2. Nf3 e6 3. d4 cxd4 4. Nxd4 Nc6 5. Nc3 Qc7 6. Be3 a6 7. Bd3 b5 8. a3 Bb7 9. O-O Nf6 10. Kh1 Nxd4 11. Bxd4 e5 12. Be3 Bc5 13. Bg5 Be7 14. Bxf6 Bxf6 15. Qe2 O-O 16. Rad1 g6 17. Nb1 Rad8 18.
c3 Bg7 19. Nd2 d5 20. f3 d4 21. cxd4 exd4 22. Rc1 Qf4 23. g3 Qb8 24. Rc5 f5 25. exf5 gxf5 26. Qe6+ Kh8 27. Rxf5 Rfe8 28. Qf7 Rf8 29. Qh5 h6 30. Qg6 Qc7 31. Rxf8+ Bxf8 32. Re1 Qg7 0-1

[Event "Late-Titled-Tuesday-Blitz-March-19-2024"]
[Site "Chess.com"]
[Date "2024.03.19"]
[Round "2"]
[White "NikoTheodorou"]
[Black "JosephRyan"]
[Result "1-0"]
[WhiteElo "3096"]
[BlackElo "2259"]
[TimeControl "180+1"]
[EndTime "14:17:08 PDT"]
[Termination "NikoTheodorou won by resignation"]

1. Nf3 d5 2. b3 Nf6 3. Bb2 Bf5 4. g3 e6 5. Bg2 Be7 6. O-O O-O 7. d3 h6 8. Nc3 c5 9. e4 Bh7 10. exd5 exd5 11.
Ne5 Nc6 12. Nxc6 bxc6 13. Re1 Bd6 14. Na4 Re8 15. Qf3 Nd7 16. Rxe8+ Qxe8 17. Qg4 f6 18. f4 Qf7 19. Re1 Re8 20. Qd1 Rxe1+ 21. Qxe1 Qe7 22. Qxe7 Bxe7 23. Bh3 Nb6 24. Nxb6 axb6 25.
Bd7 c4 26. Bxc6 cxd3 27. Bxd5+ Kf8 28. cxd3 Bxd3 29. Kf2 Bc5+ 30. Kf3 Ke7 31. g4 Kd6 32. Be4 Ba6 33. h4 b5 34. g5 hxg5 35. fxg5 fxg5 36. hxg5 Ke6 37. Bxg7 b4 38. g6 Bb5 39. Bb2 Be8 40. g7 Bf7 41. Bh7 Bd4 42. Bxd4 1-0

[Event "Late-Titled-Tuesday-Blitz-March-19-2024"]
[Site "Chess.com"]
[Date "2024.03.19"]
[Round "2"]
[White "mitrabhaa"]
[Black "newyorkmouse"]
[Result "1-0"]
[WhiteElo "3057"]
[BlackElo "2655"]
[TimeControl "180+1"]
[EndTime "14:17:12 PDT"]
[Termination "mitrabhaa won by resignation"]

1. Nf3 c5 2. c3 b6 3. d4 Bb7 4.
d5 Nf6 5. c4 e6 6. Nc3 exd5 7.
cxd5 d6 8. e4 g6 9. Bf4 Bg7 10.
Bb5+ Kf8 11. h3 a6 12. Bd3 b5 13. O-O h6 14. a4 b4 15. Ne2 Kg8 16. Nd2 Nh5 17.
Bh2 Bxb2 18. Ra2 Bg7 19. Nc4 Bf8 20. a5 Bc8 21. e5 dxe5 22. Nb6 Bb7 23. Bxe5 Bg7 24.
Bxg7 Nxg7 25. Nxa8 Qxd5 26. Nf4 Qxa2 27. Nb6 Ne6 28. Bc4 Qxa5 29. Qd6 Nc6 30. Bxe6 Qxb6 31. Bxf7+ Kxf7 32. Qxg6+ Kf8 33. Re1 Qd8 34. Ne6+ Ke7 35. Nxd8+ Kxd8 36. Qf6+ Kc7 37. Qxh8 a5 38. Qxh6 a4 39.
Qg7+ Kb6 40. h4 a3 41. h5 Nd4 42. h6 a2 43. h7 b3 44. h8=Q b2 45. Qd8+ Ka6 46.
Qd6+ Bc6 47. Qxc6+ Nxc6 48. Qxb2 c4 49. Ra1 Nb4 50.
Qxb4 1-0

[Event "Late-Titled-Tuesday-Blitz-March-19-2024"]
[Site "Chess.com"]
[Date "2024.03.19"]
[Round "2"]
[White "bascheyaro"]
[Black "joksijoksi"]
[Result "1-0"]
[WhiteElo "2785"]
[BlackElo "2571"]
[TimeControl "180+1"]
[EndTime "14:17:15 PDT"]
[Termination "bascheyaro won by resignation"]

1. d4 d5 2. Nf3 Nf6 3. Bf4 c5 4.
e3 Nc6 5. Be2 cxd4 6. exd4 Bf5 7.
O-O e6 8. c3 h6 9. Nbd2 Bd6 10.
Bxd6 Qxd6 11. Re1 O-O 12. Bb5 Ne4 13. Nxe4 Bxe4 14. Nd2 Bg6 15. a4 Rac8 16. a5 a6 17.
Bxc6 Qxc6 18. Nb3 Qb5 19. Re2 Bh5 20. f3 Bg6 21. Nc5 Rfd8 22. b4 Bf5 23. Qd2 Rc7 24. Re5 Bg6 25. h4 Qc4 26. h5 Bh7 27. Rae1 Qb5 28.
g4 b6 29. axb6 Qxb6 30. g5 hxg5 31. Rxg5 a5 32. Qg2 f6 33. Rxe6 Qb8 34. Rxf6 axb4 35. Ne6 Rdd7 36. Nxc7 Rxc7 37. h6 Qb7 38. Rxg7+ Rxg7 39. Qxg7+ Qxg7+ 40. hxg7 bxc3 41. Rc6 c2 42. Rc7 Bd3 43.
Rc3 Bg6 44. Kf2 Kxg7 45. Ke3 Kf6 46. Kd2 Kg5 47. Rc6 Bf5 48. Rd6 Kf4 49. Rf6 Kg5 50. Rf8 Bg6 51. Rg8 Kf5 52. Kxc2 1-0

[Event "Late-Titled-Tuesday-Blitz-March-19-2024"]
[Site "Chess.com"]
[Date "2024.03.19"]
[Round "2"]
[White "mbachez"]
[Black "GM_shahin"]
[Result "1-0"]
[WhiteElo "2641"]
[BlackElo "2897"]
[TimeControl "180+1"]
[EndTime "14:17:17 PDT"]
[Termination "mbachez won by resignation"]

1. e4 c5 2. Nf3 d6 3. Bc4 Nc6 4. c3 Nf6 5. Qe2 Bg4 6. h3 Bh5 7. d3 e6 8. g4 Bg6 9. g5 Nd7 10. Nh4 Nde5 11. f4 Nxc4 12. dxc4 Be7 13. Ng2 f5 14.
Nh4 fxe4 15. Nxg6 hxg6 16. Qxe4 Kf7 17. Nd2 d5 18. Qe2 Bd6 19. Nf3 Qc7 20. Be3 Bxf4 21. O-O-O Rhe8 22. Rdf1 Kg8 23. Nh4 Bxe3+ 24. Qxe3 d4 25.
Qe4 dxc3 26. Nxg6 Qb6 27. Rh2 Qa5 28. Qh4 cxb2+ 29. Kb1 1-0

[Event "Late-Titled-Tuesday-Blitz-March-19-2024"]
[Site "Chess.com"]
[Date "2024.03.19"]
[Round "2"]
[White "yosephtaher"]
[Black "Goryachkina"]
[Result "1-0"]
[WhiteElo "2955"]
[BlackElo "2647"]
[TimeControl "180+1"]
[EndTime "14:17:18 PDT"]
[Termination "yosephtaher won on time"]

1. d4 Nf6 2. Nc3 d5 3. Bf4 Bf5 4. e3 e6 5. Nf3 Bd6 6. Ne5 h6 7. g4 Bh7 8. h4 Nfd7 9. g5 Nxe5 10. dxe5 Bb4 11. gxh6 gxh6 12. Qd2 Nd7 13. a3 Ba5 14.
Be2 Qe7 15. Bxh6 Be4 16. Bg5 Qxg5 17. hxg5 Rxh1+ 18. Bf1 Nxe5 19. O-O-O Nf3 20. Qe2 Bxc3 21. Qb5+ c6 22. Qxb7 Bd2+ 23. Kb1 Rd8 24. Qxc6+ Kf8 25. Be2 Rxd1+ 26. Bxd1 Nxg5 27. Qc5+ Ke8 28. Qd4 1-0

[Event "Late-Titled-Tuesday-Blitz-March-19-2024"]
[Site "Chess.com"]
[Date "2024.03.19"]
[Round "2"]
[White "chess_blitz00"]
[Black "AryanTari"]
[Result "0-1"]
[WhiteElo "2439"]
[BlackElo "3010"]
[TimeControl "180+1"]
[EndTime "14:17:18 PDT"]
[Termination "AryanTari won on time"]

1. d4 a6 2. e4 e6 3. Nc3 d5 4.
exd5 exd5 5. Bd3 Nf6 6. h3 c5 7. dxc5 Bxc5 8. Nf3 O-O 9. O-O Nc6 10. Bg5 Be6 11. Ne2 h6 12. Bh4 g5 13. Nxg5 hxg5 14. Bxg5 Be7 15. Nf4 Ne4 16. Bh6 Qd6 17.
Bxe4 dxe4 18. Qxd6 Bxd6 19. Nxe6 fxe6 20. Bxf8 Rxf8 21.
Rae1 e5 22. Rxe4 Bc5 23. c3 Rd8 24. Rfe1 Rf8 25. R1e2 Kf7 26. g3 Kf6 27. Kg2 Rg8 28.
h4 b5 29. a4 Bd6 30. b3 Ne7 31. axb5 axb5 32. c4 b4 33. c5 Bc7 34. Rxb4 Nd5 35.
Rc4 Nf4+ 36. Rxf4+ exf4 37. b4 fxg3 38. fxg3 Rxg3+ 39. Kf1 Rg4 40. b5 Be5 41. b6 Bd4 42. Rg2 Rf4+ 43.
Ke2 Bxc5 44. b7 Rb4 45. h5 Rxb7 46. Kf3 Kf5 47. Ke2 Kf4 0-1